 Dungeon Crawl Stone Soup version 0.24.0-13-gcf9b319 (webtiles) character file.

Game seed: 3297840408449807580, levelgen mode: deterministic

904 Fang the Skirmisher (level 8, 0/50 HPs)
             Began as a Gargoyle Berserker on Dec 10, 2019.
             Was a Priest of Trog.
             Slain by a redback (2 damage)
             ... summoned by a deep elf mage
             ... on level 6 of the Dungeon.
             The game lasted 00:05:21 (4649 turns).

Fang the Skirmisher (Gargoyle Berserker)            Turns: 4649, Time: 00:05:21

Health: 0/50       AC: 15    Str: 22    XL:     8   Next: 8%
Magic:  8/8        EV:  7    Int:  9    God:    Trog [***...]
Gold:   283        SH:  9    Dex:  9    Spells: 7/7 levels left

rFire    . . .     SeeInvis .   a - +4 war axe
rCold    . . .     Gourm    .   B - +0 shield
rNeg     + . .     Faith    .   b - +0 chain mail
rPois    ∞         Spirit   .   (no helmet)
rElec    +         Reflect  .   (no cloak)
rCorr    .         Harm     .   (no gloves)
MR       ++...                  (no boots)
Stlth    ..........             (no amulet)
HPRegen  1.16/turn              (no ring)
MPRegen  0.11/turn              (no ring)

@: berserk cooldown, regenerating, slowed, very slow
A: negative energy resistance 1, electricity resistance, unbreathing,
petrification resistance, rot immunity, AC +5
a: Berserk, Trog's Hand, Renounce Religion


You were on level 6 of the Dungeon.
You worshipped Trog.
Trog was most pleased with you.
You were near starving.

You visited 1 branch of the dungeon, and saw 6 of its levels.

You collected 283 gold pieces.

Inventory:

Hand Weapons
 a - a +4 war axe (weapon)
Armour
 b - a +0 chain mail (worn)
 B - a +0 shield (worn)
Wands
 r - a wand of scattershot (6)
 x - a wand of iceblast (9)
Scrolls
 h - a scroll of noise {unknown}
 j - a scroll of fear {unknown}
 k - 3 scrolls of teleportation {unknown}
 l - 8 scrolls of identify {unknown}
 n - a scroll of amnesia {unknown}
 o - 5 scrolls of remove curse {unknown}
 s - a scroll of fog {unknown}
 t - a scroll of blinking {unknown}
 v - a scroll of magic mapping {unknown}
 y - a scroll of enchant weapon {unknown}
 z - a scroll of brand weapon {unknown}
Potions
 d - a potion of mutation {unknown}
 e - 3 potions of haste {unknown}
 f - 2 potions of agility {unknown}
 g - 2 potions of curing {unknown}
 i - a potion of invisibility {unknown}
 m - 3 potions of heal wounds {unknown}
 p - a potion of might {unknown}
 q - a potion of degeneration {unknown}
 u - 2 potions of flight {unknown}
 w - a potion of brilliance {unknown}
Comestibles
 c - 14 rations


   Skills:
 + Level 5.5 Fighting
 + Level 4.5 Axes
 + Level 4.9 Armour
 + Level 3.6 Dodging
 + Level 3.7 Shields


You had 7 spell levels left.
You didn't know any spells.
Your spell library was empty.

Dungeon Overview and Level Annotations

Branches:
Dungeon (6/15)
 Temple: D:4-7

Altars:
Cheibriados
Dithmenos
Elyvilon
Hepliaklqana
Ru
Sif Muna
Xom

Annotations:
D:4 Blork the orc


Innate Abilities, Weirdness & Mutations

You are resistant to torment.
Your stone body is resilient. (AC +5)
You are immune to poison.
You resist negative energy. (rN+)
You are resistant to electric shocks. (rElec)
You can survive without breathing.
You are immune to petrification.
You are immune to rotting.


Message History

The demonic crawler hits you!
* * * LOW HITPOINT WARNING * * *
The demonic crawler barely misses you.
The demonic crawler hits you but does no damage.
The redback bites you but does no damage.
The tarantella bites you but does no damage.
The demonic crawler hits you but does no damage.
You block the demonic crawler's attack. x2
Okay, then.
Okay, then.
Your skin crawls.
You feel resistant to hostile enchantments.
You feel somewhat more hungry. The redback bites you.
* * * LOW HITPOINT WARNING * * *
The tarantella bites you but does no damage.
The demonic crawler hits you but does no damage.
You block the demonic crawler's attack.
The demonic crawler hits you but does no damage.
The redback bites you.
You die...

#>..................###...##...
#...#....#..........##..#.####.
#......#.#######....###..#.# ##
#......#.# ##........#.#
#......#.########......###.#####
#......#.#.............# #.#....
#......#.#.###########.# #.#....
#......#.#.#..s........###.#....
#......#...#.4s@...........'....
#...#''s######8..##.#....
##..#8.e+........##.#####
#######.#...+........##.#
.......)#P.8+........##.#
........#+++######8..##.# #
........# .........##.# #
.......(# .........##.#####
#####...###########.###.#....


You could see a demonic crawler, a deep elf mage, a chaos spawn, a tarantella
and a redback.

Vanquished Creatures
  A sky beast (D:5)
  2 ogres
  2 big kobolds (D:6)
  A howler monkey (D:4)
  A crimson imp (D:6)
  2 hounds
  A jelly (D:6)
  An orc priest (D:4)
  An orc wizard (D:5)
  A centaur skeleton (D:5)
  An iguana (D:4)
  3 worker ants
  A hound skeleton (D:5)
  2 adders
  A shadow imp (D:6)
  An adder skeleton (D:4)
  7 worms
  3 dart slugs
  3 leopard geckos
  14 orcs
  4 giant cockroaches
  5 goblins
  5 hobgoblins
  3 jackals (D:2)
  11 kobolds
  2 quokkas
  6 bats
  6 frilled lizards
  A giant cockroach zombie (D:5)
  A quokka skeleton (D:5)
  7 rats
100 creatures vanquished.

Vanquished Creatures (others)
  A hound (D:5)
  2 orcs (D:5)
  A ball python (D:5)
4 creatures vanquished.

Grand Total: 104 creatures vanquished

Notes
Turn   | Place    | Note
-------+----------+-------------------------------------------
     0 | D:1      | Fang the Gargoyle Berserker began the quest for the Orb.
     0 | D:1      | Reached XP level 1. HP: 14/14 MP: 1/1
    66 | D:1      | Reached XP level 2. HP: 15/19 MP: 2/2
  1001 | D:2      | Reached XP level 3. HP: 23/23 MP: 3/3
  1153 | D:2      | Reached ** piety under Trog
  1850 | D:2      | Reached XP level 4. HP: 20/29 MP: 4/4
  2223 | D:3      | Found a snail-covered altar of Cheibriados.
  2597 | D:3      | Found a white marble altar of Elyvilon.
  2878 | D:3      | Found a hazy altar of Hepliaklqana.
  2910 | D:3      | Found a sacrificial altar of Ru.
  3036 | D:4      | You fall into a shaft and drop 1 floor!
  3036 | D:5      | Entered Level 5 of the Dungeon
  3044 | D:5      | Reached skill level 4 in Fighting
  3078 | D:5      | Reached skill level 1 in Shields
  3078 | D:5      | Reached XP level 5. HP: 33/33 MP: 5/5
  3082 | D:5      | Found a shimmering altar of Xom.
  3132 | D:5      | Noticed an ogre
  3142 | D:5      | Killed an ogre
  3142 | D:5      | Reached XP level 6. HP: 27/39 MP: 6/6
  3146 | D:5      | Noticed a sky beast
  3158 | D:5      | Killed a sky beast
  3295 | D:5      | Found a shadowy altar of Dithmenos.
  3717 | D:4      | Reached *** piety under Trog
  3767 | D:4      | Reached XP level 7. HP: 30/44 MP: 7/7
  3868 | D:4      | Reached skill level 5 in Fighting
  3984 | D:4      | Noticed Blork the orc
  3997 | D:4      | Found a shimmering blue altar of Sif Muna.
  4502 | D:6      | Reached XP level 8. HP: 50/50 MP: 8/8
  4634 | D:6      | Noticed a deep elf mage
  4641 | D:6      | Noticed a tarantella
  4641 | D:6      | Noticed a demonic crawler
  4641 | D:6      | Noticed a redback
  4648 | D:6      | HP: 1/50 [demonic crawler[a deep elf mage] (7)]
  4649 | D:6      | Slain by a redback

Levels and vault maps discovered:
D:1:      minmay_arrival_split_and_join, layout_loops_ring,
          minmay_misc_feat_columns
D:2:      layout_basic, first_ration
D:3:      layout_basic, kennysheep_slug_shrine, lemuel_round_altar,
          lemuel_coloured_pillars_altar, nicolae_overflow_crystal_walls
D:4:      layout_rooms, tgw_sif
D:5:      layout_cave_pools, xom_confusion_cloud, basic_altar
D:6:      cheibrodos_thug_alley, layout_basic, guppyfry_early_elven_hall

Skill      XL: |  1  2  3  4  5  6  7 |
---------------+----------------------+-----
Axes           | 3 4 |  4.5
Dodging        | 2 3 |  3.6
Armour         | 3 4 |  4.9
Fighting       | 4 5 |  5.5
Shields        | 1 2 3 |  3.7

Action                   |  1- 3 |  4- 6 |  7- 9 || total
-------------------------+-------+-------+-------++-------
Melee: Hand axe          |   127 |    32 |       ||   159
       War axe           |       |    80 |    90 ||   170
Invok: Berserk           |     3 |     2 |     2 ||     7
       Trog's Hand       |       |       |     1 ||     1
  Eat: Chunk             |     5 |     9 |     3 ||    17
Armor: Animal skin       |    36 |     9 |       ||    45
       Chain mail        |       |    57 |    84 ||   141
Dodge: Dodged            |    77 |    34 |    42 ||   153
Block: Shield            |     5 |    50 |    56 ||   111
